 Dungeon Crawl Stone Soup version 0.22-a0-247-gbddf880 (webtiles) character file.

13 sankara the Grave Robber (level 2, 5/19 HPs)
             Began as a Demonspawn Necromancer on Feb 26, 2018.
             Got out of the dungeon alive.
             The game lasted 00:02:21 (496 turns).

sankara the Grave Robber (Demonspawn Necromancer)    Turns: 496, Time: 00:02:22

Health: 5/19       AC:  2    Str:  8    XL:     2   Next: 24%
Magic:  5/5        EV: 12    Int: 16    God:
Gold:   14         SH:  0    Dex: 13    Spells: 4/5 levels left

rFire    . . .     SeeInvis .   c - +0 club
rCold    . . .     Gourm    .   (no shield)
rNeg     . . .     Faith    .   a - +0 robe
rPois    .         Spirit   +   (no helmet)
rElec    .         Reflect  .   (no cloak)
rCorr    .         Harm     .   (no gloves)
MR       .....                  (no boots)
Stlth    ++........             (no amulet)
HPRegen  0.06/turn              (no ring)
MPRegen  0.09/turn              (no ring)

@: no status effects
A: magic shield
a: no special abilities


You escaped.
You were not hungry.

You visited 1 branch of the dungeon, and saw 1 of its levels.

You collected 14 gold pieces.

Inventory:

Hand Weapons
 c - a +0 club (weapon)
   (You took it off a goblin on level 1 of the Dungeon)
Missiles
 f - 2 stones (quivered)
Armour
 a - a +0 robe (worn)
Scrolls
 d - 2 scrolls of remove curse {unknown}
 e - a scroll of enchant armour {unknown}
 g - a scroll of identify {unknown}
Potions
 h - a potion of curing {unknown}
 i - a potion of haste {unknown}
 j - a potion of mutation {unknown}
Comestibles
 b - 2 rations


   Skills:
 + Level 1.0 Maces & Flails
 - Level 1.7 Dodging
 - Level 1.7 Stealth
 - Level 2.0 Spellcasting
 + Level 4.7 Necromancy


You had 4 spell levels left.
You knew the following spells:

 Your Spells              Type           Power        Failure   Level  Hunger
a - Pain                  Necr           ###.         3%          1    #......


Dungeon Overview and Level Annotations

Branches:
Dungeon (1/15)

Altars:


Innate Abilities, Weirdness & Mutations

When hurt, damage is shared between your health and your magic reserves.


Message History

You closely miss the bat. The bat misses you.
The bat hits you but does no damage. The bat hits you but does no damage.
The bat hits you. The bat hits you but does no damage.
You hit the bat.
You kill the bat!
No target in view!
No target in view!
You see here a bat corpse.
You butcher the bat corpse.
f - 2 chunks of flesh {@w0} (gained 1)
You see here a bat skeleton.
d - 2 scrolls labeled LYITUGGEMAW (gained 1) Key pressed, stopping explore.
Key pressed, stopping explore.
There is a stone staircase leading down here.
You see here 6 sling bullets.
Some of the chunks of flesh in your inventory have rotted away.
A kobold comes into view. It is wielding a dagger.
Casting: Pain (safe; 3% risk of failure)
Confirm with . or Enter, or press ? or * to list all spells.
Aiming: Pain (safe; 3% risk of failure)
Press: ? - help, Shift-Dir - straight line, f - kobold
Aim: a kobold, wielding a dagger (resting, chance to defeat MR: 87%)
The kobold shouts!
The kobold writhes in agony!
Casting: Pain (safe; 3% risk of failure)
Confirm with . or Enter, or press ? or * to list all spells.
Aiming: Pain (safe; 3% risk of failure)
Press: ? - help, Shift-Dir - straight line, f/p - kobold
Aim: a kobold, wielding a dagger (moderately wounded, chance to defeat MR: 87%)
The kobold writhes in agony!
You kill the kobold!
You start resting.
All of the chunks of flesh in your inventory have rotted away.
Magic restored.
HP restored.
Things that are here:
a dagger; 2 stones; a kobold corpse A bat comes into view.
The bat hits you but does no damage. The bat hits you but does no damage.
An ooze comes into view.
The ooze quivers.
The bat closely misses you. The bat barely misses you.
The bat hits you but does no damage.
You hit the bat.
The bat is moderately wounded.
The bat hits you but does no damage.
You barely miss the bat.
The bat is moderately wounded.
The bat closely misses you.
You hit the ooze.
The ooze is lightly wounded.
The bat hits you but does no damage. The ooze hits you.
You are too injured to fight recklessly!
You are too injured to fight recklessly!
Casting: Pain (safe; 3% risk of failure)
Confirm with . or Enter, or press ? or * to list all spells.
Aiming: Pain (safe; 3% risk of failure)
Press: ? - help, Shift-Dir - straight line, f - bat
Aim: a bat (chance to defeat MR: 87%)
The bat writhes in agony!
You kill the bat!
You have reached level 2!
Your demonic ancestry asserts itself...
You feel your magical essence form a protective shroud around your flesh.
The ooze hits you but does no damage.
You hit the ooze.
The ooze is heavily wounded.
The ooze hits you. x2
You hit the ooze.
The ooze is severely wounded.
The ooze hits you.
* * * LOW HITPOINT WARNING * * *
You hit the ooze.
The ooze is severely wounded.
The ooze hits you.
* * * LOW HITPOINT WARNING * * *
You hit the ooze but do no damage.
The ooze is severely wounded.
The ooze hits you but does no damage.
You hit the ooze.
You kill the ooze!
Your Maces & Flails skill increases to level 1!
Unknown command.
Casting: Pain (safe; 3% risk of failure)
Confirm with . or Enter, or press ? or * to list all spells.
Okay, then.
A kobold comes into view. It is wielding a whip.
f - 2 stones
Things that are here:
a dagger; a kobold corpse
There is an empty arch of ancient stone here.
There is a staircase leading out of the dungeon here.
You can't go down here!
Are you sure you want to leave the Dungeon?
This will make you lose the game!
You have escaped!

#...≈...#............
#.⌠.≈.⌠.#........####
#...≈...##...###.# #.♣.≈.♣.##...#
#.# #...≈...###### #.# ...#.....
#.⌠.≈.⌠.# #.# ..#...... #...≈...#
#.# .#K.....# ###...### #.#
.......# ##@###########.#### .
....#.# #######............# .
#.#.#.# #.....)............#
.##.#.#.######.#................÷
................................#
#.....#.######.##...............#
.#....#.####...###..............#
..#.###.##...### #...............
...#.......### ##..............


There were no monsters in sight!

Vanquished Creatures
  An ooze (D:1)
  3 bats (D:1)
  A goblin (D:1)
  3 kobolds (D:1)
8 creatures vanquished.

Notes
Turn   | Place    | Note
-------+----------+-------------------------------------------
     0 | D:1      | sankara the Demonspawn Necromancer began the quest for the Orb.
     0 | D:1      | Reached XP level 1. HP: 13/13 MP: 3/3
   424 | D:1      | Gained mutation: When hurt, damage is shared between your health and your magic reserves. [demonic ancestry]
   424 | D:1      | Reached XP level 2. HP: 13/19 MP: 3/5
   426 | D:1      | HP: 4/19 [ooze (2)]
   427 | D:1      | HP: 1/19 [ooze (3)]
   429 | D:1      | Reached skill level 1 in Maces & Flails
   496 | D:$      | Got out of the dungeon alive.

Vault maps used:
D:1:      mainiacjoe_arrival_reflecting_pool, minivault_26,
          minmay_misc_feat_encased

Skill      XL: |  1  2 |
---------------+-------+-----
Maces & Flails | 1 |  1.0
Dodging        | |  1.7
Stealth        | |  1.7
Spellcasting   | |  2.0
Necromancy     | |  4.7

Action                   || total
-------------------------++-------
Melee: Club              ||    19
 Cast: Pain              ||     5
Armor: Robe              ||    14
Dodge: Dodged            ||    16

Table legend:
 A = Spawn XP
 B = Non-spawn XP
 C = Spawn XP percentage of total XP
 D = Spawn monster count
 E = Non-spawn monster count
 F = Spawn count percentage of total count
 G = Total turns spent on level
                    A         B        C        D         E        F      G
               +---------+---------+-------+---------+---------+-------+---------
         Total |       0 |      19 |   0.0 |       0 |       8 |   0.0 |   496
               +---------+---------+-------+---------+---------+-------+---------
           D:1 |       0 |      19 |   0.0 |       0 |       8 |   0.0 |   496
               +---------+---------+-------+---------+---------+-------+---------

Vault maps used:
D:1:      mainiacjoe_arrival_reflecting_pool, minivault_26,
          minmay_misc_feat_encased

Table legend:
 A = Turns spent in this place as a percentage of turns spent in the entire game.
 B = Non-inter-level travel turns spent in this place as a percentage of non-inter-level travel turns spent in the entire game.
 C = Inter-level travel turns spent in this place as a percentage of turns spent in this place.
 D = Turns resting spent in this place as a percentage of non-inter-level travel turns spent in this place.
 E = Turns spent auto-exploring this place as a percentage of non-inter-level travel turns spent in this place.
 F = Non-inter-level travel turns spent in this place divided by the number of levels of this place that you've seen.
                   A       B       C       D       E      F
               +-------+-------+-------+-------+-------+----------------------
         Total | 100.0 | 100.0 |  11.1 |   8.8 |  68.9 | 441.0
       Dungeon | 100.0 | 100.0 |  11.1 |   8.8 |  68.9 | 441.0
               +-------+-------+-------+-------+-------+----------------------

Table legend:
 A = Kills in this place as a percentage of kills in entire the game.
 B = Kills by you in this place as a percentage of kills by you in the entire game.
 C = Kills by friends in this place as a percentage of kills by friends in the entire game.
 D = Other kills in this place as a percentage of other kills in the entire game.
 E = Experience gained in this place as a percentage of experience gained in the entire game.
 F = Experience gained in this place divided by the number of levels of this place that you have seen.
                   A       B       C       D       E      F
               +-------+-------+-------+-------+-------+----------------------
         Total | 100.0 | 100.0 |   N/A |   N/A | 100.0 |  19.0
       Dungeon | 100.0 | 100.0 |   N/A |   N/A | 100.0 |  19.0
               +-------+-------+-------+-------+-------+----------------------
